Cogmind - Beta 11.1 @@@ ROGUE MODE // 2022.06.09 @ 10:12:55 Player: btmk16 Result: Destroyed by H-88 Terminator with KE Penetrator Performance ------------- Evolutions (8) 4000 Regions Visited (20) 4000 Robots Destroyed (259) 1295 Value Destroyed (10121) 10121 Prototype IDs (30) 600 Alien Tech Used (3) 600 Bonus (5132) 5132 TOTAL SCORE: 25748 Bonus ------- High Alert Combat Kills 626 Follower Combat Kills 460 Entered DSFs 500 Met Data Miner 300 Met Warlord at Base 500 MAIN.C Attacked Warlord 500 Met Warlord at Research 2000 Scanned by Researcher 500 Friendly Fire -254 Cogmind --------- Core Integrity 0/1450 Matter 300/300 Energy 31/100 System Corruption 0% Temperature Cool (0) Movement Core (50) Location -2/Testing Parts ------- > --- POWER (2) -------- (None) > --- PROPULSION (7) --- (None) > --- UTILITY (10) ----- Advanced Signal Interpreter Improved Melee Analysis Suite > --- WEAPON (4) ------- (None) > --- INVENTORY (5) ---- Improved System Restoration Module Subatomic Replicator RU-N14's Throwing Claymores v3 (10) Enhanced Force Lance Sigix Corpse Peak State ------------ > --- POWER ------------ Micro Antimatter Reactor Light Quantum Reactor > --- PROPULSION ------- Field Propulsion Drive Field Propulsion Drive Field Propulsion Array Q-thruster Electron Diverter Electron Diverter > --- UTILITY ---------- Advanced Heat Sink Advanced Heat Sink Medium Storage Unit Long-range Sensor Array Advanced Signal Interpreter Improved Terrain Scanner Seismic Detector Improved Melee Analysis Suite Advanced Melee Analysis Suite Graphene Brace > --- WEAPON ----------- Plasma Sword Sigix Broadsword Enhanced Force Lance > --- INVENTORY -------- Light Ion Engine Particle Reactor Light Particle Reactor Micro Antimatter Reactor Field Propulsion Drive Advanced Transmission Jammer Improved System Restoration Module Subatomic Replicator RU-N14's Throwing Claymores v3 Sigix Corpse [Rating: 162] Favorites ----------- Power Cooled Ion Engine Engine Cooled Ion Engine Power Core Neutrino Core Reactor Light Quantum Reactor Propulsion Spiked Medium Treads Treads Spiked Medium Treads Leg Enhanced Biometal Leg Wheel Compact Wheel Flight Unit Electron Diverter Utility High-capacity Storage Unit Device Advanced Heat Sink Storage High-capacity Storage Unit Processor Targeting Computer Hackware System Mapper Protection Layered Heavy Armor Plating Artifact Phase Armor Weapon Gauss Rifle Energy Gun Improved Medium Laser Ballistic Gun Gauss Rifle Ballistic Cannon Hypervelocity Mass Driver Launcher Long-range Missile Launcher Special Weapon RU-N14's Throwing Claymores v3 Impact Weapon Impact Mace Slashing Weapon Plasma Sword Piercing Weapon Enhanced Force Lance Build | -11 -10 -9 -8 -7 -7 -6 -6 -6 -6 -5 -5 -5 -5 -5 -4 -4 -3 -3 -2 -2 ------- Run | Scr Mat Mat Mat Fac DSF Fac Low Low Dat Pro Fac Upp Upp War Pro Fac Res Qua Res Tes Slots Evolved 16 | . . 2 2 2 . 2 . . . . 2 . . . . 2 2 . 2 . Power 1 | . . . . . . . . . . . . . . . . 1 . . . . Propulsion 5 | . . 1 . 1 . . . . . . . . . . . 1 1 . 1 . Utility 8 | . . 1 . 1 . 2 . . . . 2 . . . . . 1 . 1 . Weapon 2 | . . . 2 . . . . . . . . . . . . . . . . . Parts Attached 277 | . 9 20 8 2 5 20 1 8 4 21 11 9 8 12 17 63 35 11 10 3 Power 20 | . 1 2 . . . . . . . . 1 . 2 1 1 6 2 . 4 . Engine 5 | . 1 2 . . . . . . . . . . 1 . . . 1 . . . Core 7 | . . . . . . . . . . . 1 . 1 1 1 3 . . . . Reactor 8 | . . . . . . . . . . . . . . . . 3 1 . 4 . Propulsion 71 | . 4 10 3 1 1 5 . 3 . 1 3 3 2 6 5 10 10 . 1 3 Treads 39 | . 2 10 3 1 1 4 . 3 . 1 2 1 . 6 4 1 . . . . Leg 7 | . . . . . . . . . . . . 1 . . . 5 1 . . . Wheel 14 | . 2 . . . . 1 . . . . 1 . 2 . 1 4 3 . . . Hover . | . . . . . . . . . . . . . . . . . . . . . Flight 11 | . . . . . . . . . . . . 1 . . . . 6 . 1 3 Utility 94 | . 4 4 2 1 . 10 . . . 10 5 2 3 2 4 24 12 8 3 . Device 55 | . 2 2 . 1 . 7 . . . 5 4 . 3 2 . 15 8 5 1 . Storage 6 | . 2 . . . . 1 . . . . . . . . . 1 1 . 1 . Processor 9 | . . 2 . . . . . . . 1 . . . . . 1 2 2 1 . Hackware 3 | . . . . . . . . . . . . . . . . 3 . . . . Protection 20 | . . . 2 . . 2 . . . 4 1 2 . . 4 4 1 . . . Artifact 1 | . . . . . . . . . . . . . . . . . . 1 . . Weapon 92 | . . 4 3 . 4 5 1 5 4 10 2 4 1 3 7 23 11 3 2 . Energy Gun 4 | . . 1 . . . . . . . . . . . . . 2 1 . . . Energy Cannon . | . . . . . . . . . . . . . . . . . . . . . Ballistic Gun 41 | . . 3 3 . 4 3 1 3 4 9 1 . . . 1 9 . . . . Ballistic Cannon 13 | . . . . . . . . . . 1 . . . . 4 6 2 . . . Launcher 7 | . . . . . . . . 2 . . . 2 . . . 1 2 . . . Special Weapon 8 | . . . . . . . . . . . . . . 3 2 . 3 . . . Impact Weapon 5 | . . . . . . 2 . . . . . . . . . 3 . . . . Slashing Weapon 13 | . . . . . . . . . . . 1 2 1 . . 2 3 3 1 . Piercing Weapon 1 | . . . . . . . . . . . . . . . . . . . 1 . Special Melee Weapon . | . . . . . . . . . . . . . . . . . . . . . Unidentified Prototypes 20 | . . 4 . . . 2 . . . . . . 1 3 . 4 2 3 . 1 Corrupted Parts 2 | . . . . . . . . . . . . . . 1 . 1 . . . . System Corruption 8 | . . . . . . . . . . . . . . 2 . 6 . . . . Parts Lost 96 | . . 4 5 . 1 7 1 1 . 8 8 3 . . 5 22 12 . . 19 Power 8 | . . . . . . . . . . . 1 . . . 1 3 1 . . 2 Propulsion 33 | . . 2 2 . 1 4 . . . 1 3 2 . . 3 5 2 . . 8 Utility 35 | . . 1 2 . . 3 . . . 4 3 1 . . . 10 4 . . 7 Weapon 20 | . . 1 1 . . . 1 1 . 3 1 . . . 1 4 5 . . 2 Highest Loss Streak 19 | . . 2 3 . 1 3 1 1 . 3 4 2 . . 3 10 7 . . 19 To Critical Strikes . | . . . . . . . . . . . . . . . . . . . . . Average Slot Usage (%) 90 | . 99 99 99 100 99 94 93 92 69 97 93 85 79 81 73 85 88 84 85 75 Engine 4 | . 14 10 9 7 7 6 6 6 6 6 1 . . . . . . 4 1 . Core 1 | . . . . . . . . . . . 3 5 5 5 2 . 3 . . . Reactor 1 | . . . . . . . . . . . . . . . . 7 3 4 6 6 Treads 16 | . 12 29 27 30 29 20 20 25 26 25 18 8 4 7 16 9 . . . . Leg 1 | . 4 . . . . . . . . . . 1 . . . 6 16 . . . Wheel 4 | . 11 3 . . . 3 6 . . . 3 5 10 11 1 7 4 . . . Flight 1 | . . . . . . . . . . . . . 1 . . . 4 23 25 22 Device 17 | . 13 11 6 7 7 21 20 20 20 12 18 16 12 29 11 19 19 29 26 22 Storage 6 | . 14 11 9 7 7 6 6 6 6 6 5 5 5 5 5 5 3 . 2 4 Processor 3 | . . 10 9 7 7 3 . . . 5 4 . . . . . 4 11 13 13 Protection 6 | . . . 2 7 7 4 6 6 6 12 10 15 14 . 10 4 7 . . . Energy Gun 1 | . . 9 9 7 5 . . . . . . . . . . 1 . . . . Ballistic Gun 16 | . 28 12 26 23 24 25 26 25 3 24 19 17 14 . 4 9 3 . . . Ballistic Cannon 1 | . . . . . . . . . . . . . . . 9 6 5 . . . Slashing Weapon 1 | . . . . . . . . . . . 2 4 5 5 5 . 2 8 8 6 Naked Turns . | . . . . . . . . . . . . . . . . . . . . . Heaviest Build 134 | 12 50 55 62 63 68 91 87 89 83 89 100 124 124 109 119 134 114 46 53 53 Greatest Support 135 | 20 40 60 60 80 80 90 16 114 114 114 114 16 36 125 125 135 135 46 53 53 Greatest Overweight (x) 7 | . 2 5 1 . . 5 5 5 . . 6 7 7 6 6 5 3 . . 3 Average Overweight (x) 1 | . . . . . . 2 5 . . . 3 6 4 1 1 2 . . . . Largest Inventory Capacity 20 | . 20 20 20 20 20 20 20 20 20 20 20 20 20 20 20 20 20 5 10 10 Average Capacity 18 | . 13 20 20 20 20 20 20 20 20 20 20 20 20 20 20 20 16 5 8 9 Most Carried 20 | . 14 20 20 14 20 20 20 20 20 20 20 20 20 20 20 20 20 5 10 10 Average Carried 18 | . 10 18 18 13 17 19 19 19 20 18 19 20 19 19 19 19 16 4 8 9 Final Capacity 20 | 8 20 20 20 20 20 20 20 20 20 20 20 20 20 20 20 20 5 5 10 5 Final Carried 20 | 6 14 20 15 13 20 20 20 20 20 20 20 20 20 20 20 18 5 4 10 5 Class Distribution -------------------- 49% | Scavenger-Tank 14% | Mutant 12% | Scavenger-Assassin 6% | Scavenger-Gunner 5% | Scavenger-Mutant 4% | Gunner Dominant Class ---------------- Mutant | -10/Materials Mutant | -9/Materials Gunner | -8/Materials Scavenger-Gunner | -7/Factory Scavenger-Gunner | -7/DSF Scavenger-Gunner | -6/Factory Scavenger-Tank | -6/Lower Caves Scavenger-Tank | -6/Lower Caves Scavenger-Mutant | -6/Data Miner Scavenger-Tank | -5/Proximity Caves Scavenger-Tank | -5/Factory Scavenger-Tank | -5/Upper Caves Scavenger-Tank | -5/Upper Caves Scavenger-Assassin | -5/Warlord Scavenger-Assassin | -4/Proximity Caves Scavenger-Tank | -4/Factory Scavenger-Tank | -3/Research Scavenger-Sprinter | -3/Quarantine Scavenger-Scout | -2/Research Scavenger-Scout | -2/Testing Resources | -11 -10 -9 -8 -7 -7 -6 -6 -6 -6 -5 -5 -5 -5 -5 -4 -4 -3 -3 -2 -2 ----------- Run | Scr Mat Mat Mat Fac DSF Fac Low Low Dat Pro Fac Upp Upp War Pro Fac Res Qua Res Tes Matter Collected 8676 | 200 240 612 309 . 74 1293 93 375 . 888 685 116 98 162 374 1802 1094 85 176 . Remotely 412 | . . 69 . . . . . . . . 233 . 28 82 . . . . . . Salvage Created 10916 | . 416 1086 636 . 285 1594 109 353 . 662 1111 259 283 . 381 1759 1607 46 258 71 Parts 534 | . 30 81 35 . 17 65 8 12 . 36 48 8 6 . 13 78 78 1 13 5 Haulers Intercepted 11 | . 1 4 . . . 1 . . . . 2 . . . . . 2 . 1 . Recyclers Shooed 7 | . 1 2 . . . 1 . . . . . . . . . 2 1 . . . Parts Field Recycled . | . . . . . . . . . . . . . . . . . . . . . Retrieved Matter . | . . . . . . . . . . . . . . . . . . . . . Parts Self-Destructed 91 | . . . . . . . 8 5 . 57 . 7 1 . 13 . . . . . Prevented . | . . . . . . . . . . . . . . . . . . . . . Kills | -11 -10 -9 -8 -7 -7 -6 -6 -6 -6 -5 -5 -5 -5 -5 -4 -4 -3 -3 -2 -2 ------- Run | Scr Mat Mat Mat Fac DSF Fac Low Low Dat Pro Fac Upp Upp War Pro Fac Res Qua Res Tes Combat Hostiles Destroyed 190 | . 12 21 12 . 5 21 2 10 . 10 14 7 1 . 13 28 32 . . 2 Melee 6 | . . . . . . . . . . . 2 . 1 . 1 . . . . 2 Guns 114 | . 12 21 12 . 5 21 2 5 . 8 11 3 . . 2 10 2 . . . Cannons 31 | . . . . . . . . . . 2 . . . . 5 15 9 . . . AOE 39 | . . . . . . . . 5 . . 1 4 . . 5 3 21 . . . Classes Destroyed 20 | . 4 4 1 . 2 3 . 2 . . . . . . 2 1 1 . . . Worker 13 | . . 4 . . . . . . . . . . . . . 2 7 . . . Builder 20 | . . 1 1 . . 1 . . . . 3 . . . . 4 9 . 1 . Tunneler 2 | . . . . . . . . . . . . . . . . . 1 . 1 . Hauler 11 | . 1 4 . . . 1 . . . . 2 . . . . . 2 . 1 . Recycler 11 | . . 1 . . . 4 . . . . . . . . . 2 3 . 1 . Operator 2 | . . . . . . 1 . . . . . . . . . 1 . . . . Watcher 10 | . 2 1 . . . 1 . . . 2 . . . . . 1 2 1 . . Swarmer 55 | . 6 10 . . . 7 . . . 2 . 7 1 . 6 5 9 . . 2 Saboteur 1 | . . . . . . . . . . . . . . . 1 . . . . . Grunt 72 | . 6 5 10 . 2 7 1 . . 1 7 . . . 2 14 17 . . . Brawler 3 | . . . 1 . . 1 . . . . . . . . 1 . . . . . Duelist 1 | . . . . . . . . . . . . . . . 1 . . . . . Sentry 18 | . . 6 1 . . . . . . 5 2 . . . 2 2 . . . . Specialist 2 | . . . . . 2 . . . . . . . . . . . . . . . Hunter 13 | . . . . . . 2 . . . 2 4 . . . . 4 1 . . . Programmer 12 | . . . . . . 3 1 . . . 1 . . . . 2 5 . . . Heavy 2 | . . . . . 1 1 . . . . . . . . . . . . . . Behemoth 1 | . . . . . . . . . . . . . . . . 1 . . . . Decomposer 7 | . . . . . . . . . . . . 1 6 . . . . . . . Thief 1 | . . . . . . . . 1 . . . . . . . . . . . . Wasp 3 | . . . . . . . . 3 . . . . . . . . . . . . Thug 5 | . . . . . . . . 5 . . . . . . . . . . . . Mutant 1 | . . . . . . . . 1 . . . . . . . . . . . . Best Kill Streak 15 | . 4 8 6 . 3 4 1 5 . 4 11 4 1 . 4 6 15 1 2 2 Combat Bots Only 14 | . 4 7 3 . 3 4 1 5 . 4 7 4 1 . 4 5 14 . . 2 Max Kills in Single Turn 5 | . 2 2 1 . 2 2 1 3 . 2 2 3 1 . 3 3 5 1 1 1 Gunslinging 1 | . . 1 . . 1 1 . . . 1 1 . . . . . . . . . Exploded 3 | . . . . . . . . 2 . . 1 2 . . 2 3 3 . . . Melee 1 | . . . . . . . . . . . 1 . 1 . 1 . . . . 1 Uniques/NPCs Destroyed . | . . . . . . . . . . . . . . . . . . . . . Combat | -11 -10 -9 -8 -7 -7 -6 -6 -6 -6 -5 -5 -5 -5 -5 -4 -4 -3 -3 -2 -2 -------- Run | Scr Mat Mat Mat Fac DSF Fac Low Low Dat Pro Fac Upp Upp War Pro Fac Res Qua Res Tes Damage Taken 20093 | . 474 852 737 . 301 1438 63 510 . 1274 1510 394 65 127 1866 3784 3355 46 299 2998 Core 2689 | . 76 112 132 . 15 132 . . . 24 150 18 . . 40 345 155 22 18 1450 Absorbed by Shields 990 | . . . . . . . . . . . . . . 29 . 961 . . . . Redirected to Shielding 254 | . . . 107 . . . . . . . 52 20 . . . 16 59 . . . Regen/Repaired (Parts) 311 | . . . . . . . . . . . . . . . . . . 10 202 99 Core Remaining (%) 81 | 100 69 72 76 . 97 . . . . 81 . . . . 79 70 . 86 . . Volleys Fired 478 | . 55 77 28 . 13 56 4 18 . 36 35 4 1 . 21 89 41 . . . Largest 4 | . 2 2 4 . 4 4 4 4 . 4 4 4 3 . 3 4 4 . . . Hottest 208 | . 40 79 125 . 122 112 104 127 . 152 128 146 103 . 165 208 188 . . . Shots Fired 1433 | . 110 148 104 . 52 222 17 71 . 137 125 12 3 . 44 289 99 . . . Gun 1200 | . 110 148 104 . 52 222 17 68 . 135 125 9 3 . 16 167 24 . . . Cannon 203 | . . . . . . . . . . 2 . . . . 22 121 58 . . . Launcher 13 | . . . . . . . . 3 . . . 3 . . . 1 6 . . . Special 17 | . . . . . . . . . . . . . . . 6 . 11 . . . Kinetic 1293 | . 110 93 82 . 39 222 17 68 . 137 125 9 3 . 38 269 81 . . . Thermal 109 | . . 55 22 . 13 . . . . . . . . . . 19 . . . . Explosive 30 | . . . . . . . . 3 . . . 3 . . 6 1 17 . . . Electromagnetic 1 | . . . . . . . . . . . . . . . . . 1 . . . Robot Hit Streak 28 | . 6 15 13 . 9 9 4 9 . 15 28 6 4 . 11 13 11 . . . Robot Miss Streak 7 | . 4 4 5 . 2 4 2 4 . 3 4 1 . . 4 6 7 . . . Penetration Max 1 | . . . . . . 1 . 1 . 1 1 . . . . 1 1 . . . Secondary Targets 26 | . 1 3 4 . 2 7 . 1 . 3 3 . . . . 2 . . . . Max Gunslinging Chain 2 | . 1 1 1 . 2 1 . 1 . 1 1 . . . . 1 . . . . Shots Hit Robots 947 | . 66 100 65 . 37 129 11 42 . 91 83 10 14 . 25 188 66 4 11 5 Core Hits 478 | . 25 42 32 . 14 56 5 18 . 34 40 11 7 . 21 85 83 1 2 2 Critical Kills 16 | . . . . . . 3 . . . 3 1 1 1 . 2 5 . . . . Critical Parts Destroyed 11 | . 1 . . . . 2 . . . . . . . . 5 3 . . . . Critical Strikes 62 | . 1 8 . . 2 5 . . . 3 1 3 1 . 9 20 7 . 2 . Burn 11 | . . 8 . . 2 . . . . . . . . . . 1 . . . . Destroy 28 | . 1 . . . . 5 . . . 3 1 1 1 . 9 7 . . . . Blast 16 | . . . . . . . . . . . . . . . . 11 5 . . . Smash 1 | . . . . . . . . . . . . . . . . 1 . . . . Sever 6 | . . . . . . . . . . . . 2 . . . . 2 . 2 . Melee Attacks 127 | . . . . . . 1 . . . . 3 9 12 . 1 15 16 22 32 16 Impact 15 | . . . . . . 1 . . . . . . . . . 14 . . . . Slashing 112 | . . . . . . . . . . . 3 9 12 . 1 1 16 22 32 16 Piercing . | . . . . . . . . . . . . . . . . . . . . . Sneak Attacks 25 | . . . . . . . . . . . . 1 5 . . 3 7 . 9 . Combat Hostiles 4 | . . . . . . . . . . . . . . . . . . . 4 . Follow-up Attacks 1 | . . . . . . . . . . . . . . . . . . . . 1 Damage Inflicted 32398 | . 833 1517 1101 . 541 2956 253 1391 . 1961 2189 1024 891 . 1381 5425 8717 331 1535 352 Guns 14633 | . 833 1511 1101 . 541 2948 253 745 . 1828 1762 73 53 . 209 2282 494 . . . Cannons 3908 | . . . . . . . . . . 29 . . . . 295 2474 1110 . . . Explosions 8191 | . . . . . . . . 646 . 104 302 477 . . 761 386 5515 . . . Melee 4957 | . . . . . . . . . . . 119 474 838 . . 283 1025 331 1535 352 Ramming 125 | . . 6 . . . 8 . . . . 6 . . . 18 . 87 . . . Kinetic 17172 | . 833 889 813 . 364 2948 253 745 . 1857 1762 73 53 . 504 4474 1604 . . . Thermal 1775 | . . 622 288 . 177 . . . . 104 302 . . . . 282 . . . . Explosive 7785 | . . . . . . . . 646 . . . 477 . . 761 386 5515 . . . Electromagnetic . | . . . . . . . . . . . . . . . . . . . . . Impact 184 | . . . . . . . . . . . . . . . . 184 . . . . Slashing 5357 | . . . . . . . . . . . 119 474 838 . 98 99 1511 331 1535 352 Piercing . | . . . . . . . . . . . . . . . . . . . . . Highest Corruption 12 | . . 3 . 2 2 3 3 3 3 8 . . . 2 2 12 8 8 . . Average Corruption 4 | . . 2 . 2 2 2 3 3 3 7 . . . 2 2 2 6 8 . . Corruption Purged . | . . . . . . . . . . . . . . . . . . . . . Corruption Blocked . | . . . . . . . . . . . . . . . . . . . . . Effects 191 | . . 17 . . 3 23 18 18 2 68 . . . 3 4 20 9 6 . . Message Errors 42 | . . 5 . . . 1 5 3 1 17 . . . . 3 4 3 . . . Matter Fused 36 | . . 2 . . 1 5 3 2 . 11 . . . . . 7 3 2 . . Heat Flow Errors 23 | . . 3 . . . 3 1 1 . 9 . . . 1 1 2 1 1 . . Energy Discharges 24 | . . 1 . . . 3 6 4 1 7 . . . . . 2 . . . . Parts Rejected 3 | . . . . . . . . . . 1 . . . . . 1 . 1 . . Data Loss (minor) 22 | . . 1 . . 1 1 2 2 . 9 . . . 1 . 2 1 2 . . Data Loss (major) 18 | . . 4 . . . 6 . 2 . 4 . . . 1 . 1 . . . . Misfires 9 | . . . . . . . 1 3 . 5 . . . . . . . . . . Alerts 9 | . . 1 . . 1 2 . 1 . 2 . . . . . 1 1 . . . Weapon Failures 5 | . . . . . . 2 . . . 3 . . . . . . . . . . Overload Shots . | . . . . . . . . . . . . . . . . . . . . . Overflow Damage 1904 | . . . . . . . . . . . 93 57 180 . 76 148 661 111 551 27 Projectiles 88 | . . . . . . . . . . . . . . . . 6 82 . . . Explosions 509 | . . . . . . . . . . . 93 . . . 76 8 332 . . . Melee 1307 | . . . . . . . . . . . . 57 180 . . 134 247 111 551 27 Knockbacks 27 | . . . . . . . . . . . . . . . . 13 14 . . . Impact 3 | . . . . . . . . . . . . . . . . 2 1 . . . Kinetic 22 | . . . . . . . . . . . . . . . . 10 12 . . . Secondary 2 | . . . . . . . . . . . . . . . . 1 1 . . . Self-Inflicted Damage 414 | . . . . . . 4 . 9 . . . 23 . . . 32 346 . . . Shots 10 | . . . . . . . . 1 . . . 1 . . . 1 7 . . . Rammed 5 | . . . . . . 2 . . . . 1 . . . 2 . . . . . Targets Rammed 8 | . . 1 . . . 2 . . . . 1 . . . 2 . 2 . . . Kicked 2 | . . . . . . . . . . . . . . . . . 2 . . . Crushed 1 | . . 1 . . . . . . . . . . . . . . . . . . Highest Temperature 353 | . 2 233 269 . 1 194 260 222 . 267 42 . 24 199 229 353 263 198 . . Average Temperature 71 | . 2 29 108 . 1 31 82 88 . 71 18 . 16 101 77 92 70 119 . . Received Heat Transfer 3114 | . 198 219 423 . 54 243 9 207 . 198 225 . . 12 174 664 438 12 38 . Effects 8 | . . . 3 . . . . . . . . . . . . 5 . . . . Shutdowns 1 | . . . . . . . . . . . . . . . . 1 . . . . Interference 7 | . . . 3 . . . . . . . . . . . . 4 . . . . Siege Activations . | . . . . . . . . . . . . . . . . . . . . . Robots Corrupted . | . . . . . . . . . . . . . . . . . . . . . Combat Hostiles . | . . . . . . . . . . . . . . . . . . . . . Parts Fried 1 | . . . . . . . . . . . . . . . . 1 . . . . Impact Corruptions 6 | . . . . . . . . . . . . . . . . 4 2 . . . Robots Melted . | . . . . . . . . . . . . . . . . . . . . . Combat Hostiles . | . . . . . . . . . . . . . . . . . . . . . Parts Melted 9 | . . 5 . . 1 . . . . . . . . . . 3 . . . . Heat Transferred 4124 | . . 1961 629 . 555 . . . . 120 200 . . . . 659 . . . . Parts Sabotaged 4 | . . . . . . . . . . . . . . . 4 . . . . . Parts Stolen 1 | . . . . . . . . 1 . . . . . . . . . . . . Parts Stripped . | . . . . . . . . . . . . . . . . . . . . . Power Chain Reactions . | . . . . . . . . . . . . . . . . . . . . . Missiles Intercepted . | . . . . . . . . . . . . . . . . . . . . . Alert | -11 -10 -9 -8 -7 -7 -6 -6 -6 -6 -5 -5 -5 -5 -5 -4 -4 -3 -3 -2 -2 ------- Run | Scr Mat Mat Mat Fac DSF Fac Low Low Dat Pro Fac Upp Upp War Pro Fac Res Qua Res Tes Peak Influence 1255 | . 180 493 253 95 176 246 . . . . 440 . . . . 438 1255 780 712 597 Initial 562 | . . 39 117 90 66 92 . . . . . . . . . 37 224 562 438 400 Average 255 | . 58 271 200 90 117 134 . . . . 201 . . . . 239 624 664 442 476 Maximum Alert Level 4 | . . 2 1 . . 1 . . . . 2 . . . . 2 4 3 3 2 Low Security (%) 46 | . 100 21 46 100 100 80 . . . . 29 . . . . 38 12 . . . Level 1 37 | . . 71 53 . . 19 . . . . 65 . . . . 54 19 . 45 . Level 2 11 | . . 7 . . . . . . . . 5 . . . . 7 30 68 52 100 Level 3 2 | . . . . . . . . . . . . . . . . . 18 31 2 . Level 4 2 | . . . . . . . . . . . . . . . . . 19 . . . Level 5 . | . . . . . . . . . . . . . . . . . . . . . High Security . | . . . . . . . . . . . . . . . . . . . . . Max Security . | . . . . . . . . . . . . . . . . . . . . . Squads Dispatched 34 | . 2 1 3 . 2 5 . . . . 2 . . . 1 7 5 . 1 5 Investigation 6 | . 1 1 . . . 1 . . . . 1 . . . . . 1 . 1 . Extermination 6 | . . . . . . 2 . . . . . . . . . 3 1 . . . Reinforcement 18 | . 1 . 1 . 2 2 . . . . 1 . . . . 4 3 . . 4 Assault 1 | . . . . . . . . . . . . . . . 1 . . . . . Garrison 3 | . . . 2 . . . . . . . . . . . . . . . . 1 Intercept . | . . . . . . . . . . . . . . . . . . . . . Searches Triggered . | . . . . . . . . . . . . . . . . . . . . . Data Miner Redirects 1 | . . . . . . . . . . . . . . . . . 1 . . . Construction Impeded 5 | . . . . . . . . . . . . . . . . 4 1 . . . Haulers Reinforced 1 | . . . . . . . . . . . 1 . . . . . . . . . Active Scanning Responses . | . . . . . . . . . . . . . . . . . . . . . Cargo Convoy Interrupts . | . . . . . . . . . . . . . . . . . . . . . Stealth | -11 -10 -9 -8 -7 -7 -6 -6 -6 -6 -5 -5 -5 -5 -5 -4 -4 -3 -3 -2 -2 --------- Run | Scr Mat Mat Mat Fac DSF Fac Low Low Dat Pro Fac Upp Upp War Pro Fac Res Qua Res Tes Distress Signals 15 | . 2 . . . . 1 . . . 1 . . . 1 . 3 3 . 2 2 Communications Jammed 12 | . . . . . . . . . . . 1 . . . . 11 . . . . Distress Signals 12 | . . . . . . . . . . . 1 . . . . 11 . . . . Times Spotted 316 | . 20 29 12 . 8 28 2 10 . 27 19 10 1 7 14 39 48 5 22 15 Peak Tracking Total 14 | . 6 5 3 . 3 4 1 5 . 7 5 4 1 8 5 5 10 6 14 10 Tactical Retreats 25 | . 1 2 . . . 1 . . . 1 . 2 . 2 . 1 6 1 7 1 Traps | -11 -10 -9 -8 -7 -7 -6 -6 -6 -6 -5 -5 -5 -5 -5 -4 -4 -3 -3 -2 -2 ------- Run | Scr Mat Mat Mat Fac DSF Fac Low Low Dat Pro Fac Upp Upp War Pro Fac Res Qua Res Tes Traps Triggered 14 | . 1 3 . 1 . . . . . . 3 . . . . 4 1 . . 1 Indirectly . | . . . . . . . . . . . . . . . . . . . . . Trap Hack Attempts . | . . . . . . . . . . . . . . . . . . . . . Triggered . | . . . . . . . . . . . . . . . . . . . . . Disarmed . | . . . . . . . . . . . . . . . . . . . . . Reprogrammed . | . . . . . . . . . . . . . . . . . . . . . Reused . | . . . . . . . . . . . . . . . . . . . . . Traps Extracted . | . . . . . . . . . . . . . . . . . . . . . Installed . | . . . . . . . . . . . . . . . . . . . . . Triggered 22 | . . . . . . . . . . . . . . 22 . . . . . . Machines | -11 -10 -9 -8 -7 -7 -6 -6 -6 -6 -5 -5 -5 -5 -5 -4 -4 -3 -3 -2 -2 ---------- Run | Scr Mat Mat Mat Fac DSF Fac Low Low Dat Pro Fac Upp Upp War Pro Fac Res Qua Res Tes Machines Disabled 33 | . 1 1 . . . 2 . . . 2 4 . . . . 11 5 5 . 2 Max in Single Turn 4 | . 1 1 . . . 1 . . . 1 3 . . . . 4 1 1 . 1 Garrison Access 3 | . . . . . . 1 . . . . . . . . . 2 . . . . Machines Sabotaged . | . . . . . . . . . . . . . . . . . . . . . Garrisons Compromised . | . . . . . . . . . . . . . . . . . . . . . Overloaded Fab Kills . | . . . . . . . . . . . . . . . . . . . . . Hacking | -11 -10 -9 -8 -7 -7 -6 -6 -6 -6 -5 -5 -5 -5 -5 -4 -4 -3 -3 -2 -2 --------- Run | Scr Mat Mat Mat Fac DSF Fac Low Low Dat Pro Fac Upp Upp War Pro Fac Res Qua Res Tes Machines Accessed 50 | . 2 2 1 1 . 7 1 1 4 2 1 . . 4 . 10 7 2 4 1 Terminals 31 | . 2 2 1 1 . 5 . . . 1 . . . . . 7 6 2 3 1 Fabricators 4 | . . . . . . 1 . . . 1 1 . . . . . 1 . . . Repair Stations . | . . . . . . . . . . . . . . . . . . . . . Recycling Units 1 | . . . . . . . . . . . . . . . . 1 . . . . Scanalyzers . | . . . . . . . . . . . . . . . . . . . . . Garrison Access 4 | . . . . . . 1 . . . . . . . . . 2 . . 1 . Total Hacks 132 | . 5 5 4 1 . 13 1 1 28 3 2 . . 9 . 29 16 2 10 3 Successful 87 | . 2 4 4 1 . 7 1 1 28 2 2 . . 9 . 16 5 1 3 1 Failed 45 | . 3 1 . . . 6 . . . 1 . . . . . 13 11 1 7 2 Catastrophic 3 | . . . . . . 1 . . . . . . . . . 1 1 . . . Database Lockouts . | . . . . . . . . . . . . . . . . . . . . . Manual 44 | . 3 4 3 . . 6 . . . . 1 . . 1 . 12 9 . 3 2 Terminals 75 | . 5 5 4 1 . 9 . . . 1 . . . . . 23 14 2 8 3 Fabricators 9 | . . . . . . 3 . . . 2 2 . . . . . 2 . . . Repair Stations . | . . . . . . . . . . . . . . . . . . . . . Recycling Units 1 | . . . . . . . . . . . . . . . . 1 . . . . Scanalyzers . | . . . . . . . . . . . . . . . . . . . . . Garrison Access 8 | . . . . . . 1 . . . . . . . . . 5 . . 2 . Terminal Hacks 67 | . 2 1 3 1 . 3 1 1 28 1 . . . 9 . 10 3 1 3 . Record 20 | . . . . . . . . . 11 . . . . 8 . . . 1 . . Part Schematic 10 | . . . . . . . . . 9 . . . . . . 1 . . . . Robot Schematic 5 | . . . . . . . . . 5 . . . . . . . . . . . Prototype ID Bank 3 | . . . . . . . . . 3 . . . . . . . . . . . Open Door 4 | . . . . . . . 1 1 . 1 . . . 1 . . . . . . Open DSF 3 | . . . . 1 . 1 . . . . . . . . . 1 . . . . Level Access Points 2 | . . . 1 . . . . . . . . . . . . 1 . . . . Branch Access Points 1 | . . . . . . . . . . . . . . . . 1 . . . . Terminal Index 1 | . . . . . . . . . . . . . . . . 1 . . . . Alert Level 10 | . 2 1 1 . . 2 . . . . . . . . . 1 1 . 2 . Unreport Threat 3 | . . . . . . . . . . . . . . . . 1 1 . 1 . Recall Extermination 2 | . . . . . . . . . . . . . . . . 2 . . . . Zone Layout 3 | . . . 1 . . . . . . . . . . . . 1 1 . . . Fabricator Hacks 3 | . . . . . . 1 . . . 1 1 . . . . . . . . . Network Status 3 | . . . . . . 1 . . . 1 1 . . . . . . . . . Repair Station Hacks . | . . . . . . . . . . . . . . . . . . . . . Recycling Unit Hacks 1 | . . . . . . . . . . . . . . . . 1 . . . . Report Inventory 1 | . . . . . . . . . . . . . . . . 1 . . . . Scanalyzer . | . . . . . . . . . . . . . . . . . . . . . Garrison Access Hacks 3 | . . . . . . 1 . . . . . . . . . 2 . . . . Seal Access 3 | . . . . . . 1 . . . . . . . . . 2 . . . . Unauthorized Hacks 13 | . . 3 1 . . 2 . . . . 1 . . . . 3 2 . . 1 Terminals 11 | . . 3 1 . . 1 . . . . . . . . . 3 2 . . 1 Track 3 | . . 2 . . . . . . . . . . . . . 1 . . . . Botnet 8 | . . 1 1 . . 1 . . . . . . . . . 2 2 . . 1 Fabricators 2 | . . . . . . 1 . . . . 1 . . . . . . . . . Fabnet 2 | . . . . . . 1 . . . . 1 . . . . . . . . . Repair Stations . | . . . . . . . . . . . . . . . . . . . . . Recycling Units . | . . . . . . . . . . . . . . . . . . . . . Scanalyzers . | . . . . . . . . . . . . . . . . . . . . . Garrison Access . | . . . . . . . . . . . . . . . . . . . . . Data Cores Recovered 2 | . . . . . . 1 . . . . . . . . . 1 . . . . Used 1 | . . . . . . 1 . . . . . . . . . . . . . . Hacking Detections 30 | . 2 2 1 . . 4 . . . 1 . . . . . 6 7 2 4 1 Full Trace Events 3 | . . . . . . 1 . . . . . . . . . . 1 . 1 . Feedback Events . | . . . . . . . . . . . . . . . . . . . . . Feedback Blocked . | . . . . . . . . . . . . . . . . . . . . . Robot Schematics Acquired 5 | . . . . . . . . . 5 . . . . . . . . . . . Robots Built . | . . . . . . . . . . . . . . . . . . . . . Authchips . | . . . . . . . . . . . . . . . . . . . . . Time . | . . . . . . . . . . . . . . . . . . . . . Total Robot Build Rating . | . . . . . . . . . . . . . . . . . . . . . Part Schematics Acquired 11 | . . . . . . . . . 9 . . . . . . 1 . . . 1 Parts Built . | . . . . . . . . . . . . . . . . . . . . . Authchips . | . . . . . . . . . . . . . . . . . . . . . Time . | . . . . . . . . . . . . . . . . . . . . . Total Part Build Rating . | . . . . . . . . . . . . . . . . . . . . . Parts Repaired . | . . . . . . . . . . . . . . . . . . . . . Time . | . . . . . . . . . . . . . . . . . . . . . Parts Recycled . | . . . . . . . . . . . . . . . . . . . . . Recycled Matter . | . . . . . . . . . . . . . . . . . . . . . Retrieved Matter . | . . . . . . . . . . . . . . . . . . . . . Retrieved Components . | . . . . . . . . . . . . . . . . . . . . . Parts Scanalyzed . | . . . . . . . . . . . . . . . . . . . . . Part Schematics Acquired . | . . . . . . . . . . . . . . . . . . . . . Parts Damaged . | . . . . . . . . . . . . . . . . . . . . . Bothacking | -11 -10 -9 -8 -7 -7 -6 -6 -6 -6 -5 -5 -5 -5 -5 -4 -4 -3 -3 -2 -2 ------------ Run | Scr Mat Mat Mat Fac DSF Fac Low Low Dat Pro Fac Upp Upp War Pro Fac Res Qua Res Tes Used RIF Installer . | . . . . . . . . . . . . . . . . . . . . . Robots Hacked 7 | . . . . . . . . . . 1 . 1 . 3 . 1 1 . . . Non-combat . | . . . . . . . . . . . . . . . . . . . . . Combat 7 | . . . . . . . . . . 1 . 1 . 3 . 1 1 . . . Robot Hacks Applied . | . . . . . . . . . . . . . . . . . . . . . Relay Couplers Released . | . . . . . . . . . . . . . . . . . . . . . Fabnet Peak Effective % 4 | . . . . . . . . . . 3 3 3 3 3 4 4 1 1 . . Autooverrided 7 | . . . . . . . . . . 1 . 1 . 3 . 1 1 . . . Robots Rewired 17 | . . . . . . . . . . 13 . . . 4 . . . . . . Allies Hacked . | . . . . . . . . . . . . . . . . . . . . . Hacks Repelled . | . . . . . . . . . . . . . . . . . . . . . Allies | -11 -10 -9 -8 -7 -7 -6 -6 -6 -6 -5 -5 -5 -5 -5 -4 -4 -3 -3 -2 -2 -------- Run | Scr Mat Mat Mat Fac DSF Fac Low Low Dat Pro Fac Upp Upp War Pro Fac Res Qua Res Tes Total Allies 28 | . . . . . . . . . . 15 . 1 . 7 . 1 4 . . . Largest Group 6 | . . . . . . . . . . 6 . 1 . 5 . 1 3 . . . Highest-Rated Group 292 | . . . . . . . . . . 206 . 12 . 292 . 49 138 . . . Highest-Rated Ally 96 | . . . . . . . . . . 96 . 12 . 65 . 49 82 . . . Total Orders . | . . . . . . . . . . . . . . . . . . . . . Ally Attacks 100 | . . . . . . . . . . 75 . . . 11 . . 14 . . . Total Damage 2603 | . . . . . . . . . . 1972 . . . 295 . . 336 . . . Kills 16 | . . . . . . . . . . 14 . . . 2 . . . . . . Allies Corrupted . | . . . . . . . . . . . . . . . . . . . . . Allies Melted 1 | . . . . . . . . . . 1 . . . . . . . . . . Intel | -11 -10 -9 -8 -7 -7 -6 -6 -6 -6 -5 -5 -5 -5 -5 -4 -4 -3 -3 -2 -2 ------- Run | Scr Mat Mat Mat Fac DSF Fac Low Low Dat Pro Fac Upp Upp War Pro Fac Res Qua Res Tes Robot Analysis Total . | . . . . . . . . . . . . . . . . . . . . . Derelict Logs Recovered 8 | . . . . . . . 3 2 . 2 . . . . 1 . . . . . Drone Launches . | . . . . . . . . . . . . . . . . . . . . . Drone Recoveries . | . . . . . . . . . . . . . . . . . . . . . Exploration | -11 -10 -9 -8 -7 -7 -6 -6 -6 -6 -5 -5 -5 -5 -5 -4 -4 -3 -3 -2 -2 ------------- Run | Scr Mat Mat Mat Fac DSF Fac Low Low Dat Pro Fac Upp Upp War Pro Fac Res Qua Res Tes Turns Passed 16827 | . 971 1355 557 89 168 1730 983 913 157 2166 754 794 891 1035 902 1740 931 176 375 140 Spaces Moved 10417 | 1 559 605 193 55 71 870 554 524 94 1201 318 391 468 701 410 893 997 339 1015 158 Core 2 | . . . . . . . . . . . . . . . . . . . . 2 Treads 3685 | . 183 490 193 55 71 361 . 467 94 1201 122 . . 148 300 . . . . . Legs 798 | 1 126 . . . . . . . . . . . . . . 313 358 . . . Wheels 3854 | . 250 115 . . . 509 554 57 . . 196 391 468 553 110 580 71 . . . Hover . | . . . . . . . . . . . . . . . . . . . . . Flight 2078 | . . . . . . . . . . . . . . . . . 568 339 1015 156 Fastest Speed 22 | 120 110 110 160 160 160 160 175 160 160 160 160 190 101 101 163 110 27 27 25 22 Average Speed 131 | 120 128 152 237 160 160 170 175 161 160 160 178 190 158 126 188 139 67 27 25 22 Slowest Speed 320 | 120 160 320 240 160 160 320 175 175 160 160 190 205 205 190 256 190 180 27 27 50 Overloaded Moves . | . . . . . . . . . . . . . . . . . . . . . Propulsion Burnouts . | . . . . . . . . . . . . . . . . . . . . . Robots Hopped 19 | . . . . . . . . . . . . . . . . . . . 13 6 Cave-ins Triggered . | . . . . . . . . . . . . . . . . . . . . . Exploration Rate (%) 48 | 2 91 48 23 2 76 28 74 64 69 88 14 49 60 75 80 26 32 46 37 34 Regions Visited 20 Branch Regions 10 Pre-discovered Areas 2 | . . . . . . . . . 1 . . . . 1 . . . . . . Known Exits Taken 12 | . . . 1 1 . . 1 1 . . 1 . 1 1 1 1 1 1 1 . Unknown Exits Taken 7 | 1 1 1 . . . 1 . . 1 1 . 1 . . . . . . . . Scrap Searched 13 | . . . . . . . 4 1 . 1 . 3 2 . 2 . . . . . Spaces Dug 83 | . . . . . . 1 . . . . . 13 . . 6 16 19 8 14 6 Terrain Destroyed 502 | . . . . . . 11 . 51 . 15 37 47 . . 70 75 168 8 14 6 Melee 39 | . . . . . . 1 . . . . . . . . 1 9 . 8 14 6 Projectile 131 | . . . . . . 1 . 5 . 15 22 4 . . 5 50 29 . . . AOE 331 | . . . . . . 9 . 46 . . 14 43 . . 64 16 139 . . . Terrain Rammed . | . . . . . . . . . . . . . . . . . . . . . Walls Destroyed . | . . . . . . . . . . . . . . . . . . . . . Machines Disabled . | . . . . . . . . . . . . . . . . . . . . . Actions | -11 -10 -9 -8 -7 -7 -6 -6 -6 -6 -5 -5 -5 -5 -5 -4 -4 -3 -3 -2 -2 --------- Run | Scr Mat Mat Mat Fac DSF Fac Low Low Dat Pro Fac Upp Upp War Pro Fac Res Qua Res Tes Total 12346 | . 702 899 234 56 100 997 560 554 101 1373 419 418 599 850 497 1153 1150 389 1062 233 Wait 566 | . 63 161 5 . . 22 . . . 7 23 . 91 48 37 56 32 1 16 4 Move 10364 | . 558 604 192 54 70 869 553 523 93 1200 317 390 467 700 409 892 996 338 991 148 Hop 14 | . . . . . . . . . . . . . . . . . . . 10 4 Pick Up 107 | . 10 16 1 . 7 10 1 2 . 9 5 2 6 7 4 12 6 5 3 1 Fast Attach 126 | . 2 5 . . 1 11 . 2 4 6 5 5 3 10 8 30 15 11 7 1 Attach 68 | . 2 6 7 2 1 5 1 1 . 7 5 . 4 1 5 9 9 1 . 2 Detach 24 | . 1 4 . . . 2 . . . . 2 . 1 . 3 4 3 1 3 . Swap 84 | . 5 9 1 . 3 4 . 5 . 8 1 4 1 1 4 24 11 . 3 . Drop 163 | . 6 16 . . 5 15 . 3 4 11 6 4 13 12 3 22 19 15 3 6 Fire 478 | . 55 77 28 . 13 56 4 18 . 36 35 4 1 . 21 89 41 . . . Melee 112 | . . . . . . 1 . . . . 3 9 12 . 1 15 16 17 26 12 Ram 2 | . . . . . . 2 . . . . . . . . . . . . . . Kick 2 | . . . . . . . . . . . . . . . . . 2 . . . Crush 4 | . . 1 . . . . . . . . 1 . . . 2 . . . . . Escape Stasis 71 | . . . . . . . . . . . 16 . . . . . . . . 55 Rewire 161 | . . . . . . . 1 . . 89 . . . 71 . . . . . . Trap . | . . . . . . . . . . . . . . . . . . . . . Miscellaneous . | . . . . . . . . . . . . . . . . . . . . . Route ------- -11/Scrapyard -10/Materials (discovered 5 exits: *Mat x3 / [*Min x2]) -9/Materials (discovered 2 exits: *Mat / [*Min]) -8/Materials (discovered 3 exits: *Fac x3) -7/Factory -7/DSF -6/Factory -6/Lower Caves -6/Lower Caves (discovered 2 exits: *Fac / *Dat) -6/Data Miner -5/Proximity Caves -5/Factory (discovered 2 exits: *Upp x2) -5/Upper Caves -5/Upper Caves -5/Warlord -4/Proximity Caves -4/Factory (discovered 8 exits: *Res x4 / Upp x2 / Ext x2) -3/Research (discovered 2 exits: *Qua x2) -3/Quarantine -2/Research -2/Testing (discovered 2 exits: [*Acc] / Sec) History --------- Turn | Location | Event 1 | -11/Scrapyard | Discovered new exit (range 0) 1 | -11/Scrapyard | Entered Materials 307 | -10/Materials | Build established: Mutant 409 | -10/Materials | Discovered new exit (range 12) 520 | -10/Materials | Discovered new exit (range 16) 576 | -10/Materials | Discovered new exit (range 8) 724 | -10/Materials | Discovered new exit (range 6) 815 | -10/Materials | Discovered new exit (range 16) 972 | -10/Materials | Entered another Materials area 972 | -9/Materials | Evolved 2 slots: Propulsion x1, Utility x1 994 | -9/Materials | Discovered new exit (range 15) 1689 | -9/Materials | Destroyed 7 combat bots 2202 | -9/Materials | Discovered new exit (range 16) 2327 | -9/Materials | Entered another Materials area 2327 | -8/Materials | Evolved 2 slots: Weapon x2 2427 | -8/Materials | Identified exit to Factory 2628 | -8/Materials | Build established: Gunner 2739 | -8/Materials | Garrison activated, responded to threat 2841 | -8/Materials | Lost 3 parts (2n1u) 2884 | -8/Materials | Entered Factory 2884 | -7/Factory | Evolved 2 slots: Propulsion x1, Utility x1 2971 | -7/Factory | Identified exit to DSF 2973 | -7/Factory | Entered DSF 2999 | -7/DSF | Additional patrols routed to DSF 3032 | -7/DSF | Found Prototype Device 3096 | -7/DSF | Discovered new exit (range 15) 3102 | -7/DSF | Build established: Scavenger-Gunner 3141 | -7/DSF | Entered Factory 3141 | -6/Factory | Evolved 2 slots: Utility x2 3802 | -6/Factory | Lost 3 parts (3n) 4435 | -6/Factory | Build established: Scavenger-Tank 4859 | -6/Factory | Discovered new exit (range 8) 4871 | -6/Factory | Entered Lower Caves 5106 | -6/Lower Caves | Learned Factory stockpile data 5751 | -6/Lower Caves | Identified exit to Lower Caves 5854 | -6/Lower Caves | Entered another Lower Caves area 5879 | -6/Lower Caves | Discovered new exit (range 14) 6167 | -6/Lower Caves | Ambushed by wild Derelicts 6258 | -6/Lower Caves | Identified exit to Data Miner 6352 | -6/Lower Caves | Attacked by a faux Warlord 6767 | -6/Lower Caves | Entered Data Miner 6767 | -6/Data Miner | Discovered new exit (range 6) 6803 | -6/Data Miner | Met Data Miner 6830 | -6/Data Miner | Learned location of Section 7 (-2) 6830 | -6/Data Miner | Acquired the access code to Warlord's prototype stash 6861 | -6/Data Miner | Received God Mode back door access code from Data Miner 6924 | -6/Data Miner | Entered Proximity Caves 6968 | -5/Proximity Caves | Escorted by Enhanced Grunt 6976 | -5/Proximity Caves | Attracted the attention of an 0b10 outpost 7021 | -5/Proximity Caves | Lost 3 parts (2u1w) 7369 | -5/Proximity Caves | Spotted B-75 Beast 7384 | -5/Proximity Caves | Allies destroyed B-75 Beast 7431 | -5/Proximity Caves | Received a Behemoth hack from an annoying Tinkerer 7444 | -5/Proximity Caves | Snuck into a huge 0b10 base via the rear entrance 7649 | -5/Proximity Caves | Discovered new exit (range 3) 7948 | -5/Proximity Caves | Spotted B-75 Beast 8029 | -5/Proximity Caves | Lost 3 parts (1n2u) 8049 | -5/Proximity Caves | Learned location of 1 exit from Factory 8202 | -5/Proximity Caves | Attracted the attention of an 0b10 checkpoint 9090 | -5/Proximity Caves | Entered Factory 9090 | -5/Factory | Evolved 2 slots: Utility x2 9091 | -5/Factory | Identified exit to Upper Caves 9302 | -5/Factory | Lost 4 parts (2n2u) 9482 | -5/Factory | Destroyed 7 combat bots 9797 | -5/Factory | Discovered exit to Upper Caves (range 6) 9844 | -5/Factory | Entered Upper Caves 10619 | -5/Upper Caves | Discovered new exit (range 10) 10638 | -5/Upper Caves | Entered another Upper Caves area 10639 | -5/Upper Caves | Identified exit to Warlord 11405 | -5/Upper Caves | Identified Active Sensor Suite 11529 | -5/Upper Caves | Entered Warlord 11662 | -5/Warlord | Visited the Vortex Lab 11668 | -5/Warlord | Warlord's base attacked by MAIN.C 11704 | -5/Warlord | Found Prototype Special Weapon 11704 | -5/Warlord | Identified RU-N14's Throwing Claymores v3 11707 | -5/Warlord | Found RU-N14's Throwing Claymores v3 11710 | -5/Warlord | Found RU-N14's Throwing Claymores v3 11731 | -5/Warlord | Build established: Scavenger-Assassin 11753 | -5/Warlord | Learned 4 Research zone layouts 11753 | -5/Warlord | Learned 4 Testing zone layouts 11753 | -5/Warlord | Learned 4 Quarantine zone layouts 11753 | -5/Warlord | Learned 4 Quarantine zone layouts 11754 | -5/Warlord | Learned Factory repair station intel 11754 | -5/Warlord | Learned Research recycling unit intel 11939 | -5/Warlord | P-70 Sage assimilated allied Archangel 6b 12018 | -5/Warlord | Warlord forces counterattacked 12035 | -5/Warlord | Met Warlord 12046 | -5/Warlord | Opened Warlord's prototype stash 12051 | -5/Warlord | Found Prototype Device 12051 | -5/Warlord | Identified Thermal Barrier 12079 | -5/Warlord | Found Prototype Hackware 12248 | -5/Warlord | Spotted B-75 Beast 12254 | -5/Warlord | Spotted B-86 Titan 12343 | -5/Warlord | Warlord base infiltrated, sounded retreat 12399 | -5/Warlord | Spotted Striker 12490 | -5/Warlord | Spotted Executioner 12534 | -5/Warlord | Discovered new exit (range 14) 12563 | -5/Warlord | Identified exit to Proximity Caves 12564 | -5/Warlord | Entered Proximity Caves 12889 | -4/Proximity Caves | Attracted the attention of an 0b10 outpost 13063 | -4/Proximity Caves | Lost 3 parts (1p2n) 13208 | -4/Proximity Caves | Identified exit to Factory 13383 | -4/Proximity Caves | Attracted the attention of an 0b10 checkpoint 13466 | -4/Proximity Caves | Entered Factory 13466 | -4/Factory | Evolved 2 slots: Power x1, Propulsion x1 13467 | -4/Factory | Identified exit to Extension 13468 | -4/Factory | Loaded intel: 6 repair station locations 13669 | -4/Factory | Lost 7 parts (1p3u3w) 13786 | -4/Factory | Identified exit to Upper Caves 13812 | -4/Factory | Identified System Mapper 14248 | -4/Factory | Build established: Scavenger-Tank 14662 | -4/Factory | Identified exit to Research 14705 | -4/Factory | Spotted B-86 Titan 14753 | -4/Factory | Destroyed B-86 Titan 14777 | -4/Factory | Lost 10 parts (1p5n4u) 14881 | -4/Factory | Spotted B-86 Titan 15087 | -4/Factory | System corruption reached 10% 15206 | -4/Factory | Entered Research 15206 | -3/Research | Evolved 2 slots: Propulsion x1, Utility x1 15207 | -3/Research | Identified exit to Quarantine 15208 | -3/Research | Loaded intel: 4 recycling unit locations 15274 | -3/Research | Allied Derelicts emerged from ambush trap array 15445 | -3/Research | Incoming investigation squad redirected 15519 | -3/Research | Lost 3 parts (1u2w) 15541 | -3/Research | Destroyed 14 combat bots 15937 | -3/Research | Lost 7 parts (1p1n3u2w) 16069 | -3/Research | Discovered exit to Quarantine (range 8) 16137 | -3/Research | Entered Quarantine 16138 | -3/Quarantine | Identified exit to Research 16143 | -3/Quarantine | Found Alien Slashing Weapon 16143 | -3/Quarantine | Identified Sigix Broadsword 16186 | -3/Quarantine | Found Sigix Corpse 16220 | -3/Quarantine | Found Alien Artifact 16251 | -3/Quarantine | Cryocooling Duct disabled 16266 | -3/Quarantine | Ambient heat levels rising (+20) 16266 | -3/Quarantine | Non-combat units ordered to evacuate 16282 | -3/Quarantine | Found Alien Artifact 16282 | -3/Quarantine | Identified Subatomic Replicator 16300 | -3/Quarantine | Identified Phase Armor 16313 | -3/Quarantine | Entered Research 16313 | -2/Research | Warlord forces began assault on 0b10 16313 | -2/Research | Evolved 2 slots: Propulsion x1, Utility x1 16314 | -2/Research | Identified exit to Testing 16325 | -2/Research | Build established: Scavenger-Sprinter 16423 | -2/Research | Research machine network offline 16424 | -2/Research | Spotted B-90 Cyclops 16460 | -2/Research | Spotted B-90 Cyclops 16504 | -2/Research | Spotted B-90 Cyclops 16593 | -2/Research | Spotted Striker 16595 | -2/Research | Found Unknown Piercing Weapon 16595 | -2/Research | Identified Enh. Force Lance 16603 | -2/Research | Spotted Striker 16659 | -2/Research | Borebot progress halted 16682 | -2/Research | Met up with Warlord 16688 | -2/Research | Entered Testing 16689 | -2/Testing | Identified exit to Section 7 16727 | -2/Testing | Spotted PH-S2II7IONIL 16729 | -2/Testing | Garrison activated, responded to threat 16732 | -2/Testing | Build established: Scavenger-Scout 16741 | -2/Testing | Scanned by Researcher 16791 | -2/Testing | Discovered new exit (range 8) 16819 | -2/Testing | Core integrity fell below 50% 16825 | -2/Testing | Core integrity fell below 20% 16828 | -2/Testing | Destroyed by H-88 Terminator with KE Penetrator Last Messages --------------- 16822_ Penetrated by Slug. 16822_ Held in stasis. 16822_ C-65 Expert is analyzing... 16822_ Dropped Med. Storage Unit. 16823_ Penetrated by Slug. 16824_ R-10 Processor collects Structural Scanner. 16824_ Penetrated by Slug. 16824_ Slug penetrates H-88 Terminator. 16824_ Penetrated by Slug. 16825_ Slug penetrates H-88 Terminator. 16826_ C-65 Expert calls for reinforcements. 16826_ ALERT: Hostile activity reported, dispatching reinforcements to area. 16826_ Held in stasis. 16826_ C-65 Expert is analyzing... 16827_ Penetrated by Slug. 16827_ Slug penetrates Wall. 16827_ Penetrated by Slug. 16827_ Slug penetrates Earth. 16827_ Penetrated by Slug. Map ----- +----------------------------------------------------+ | | | | | | | ?????????????????????????????????????????????????? | | ?????????????????????????????????????????????????? | | ?????????????????????????????????????????????????? | | ?????????????????????????????????????????????????? | | ?????????????????????????????????????????????????? | | ?????????????????????????????????????????????????? | | ?????????????????????????????????????????????????? | | ?????????????????????????????????????????????????? | | ?????????????????????????????????????????????????? | | ?????????????????????????????????????????????????? | | ?????????????????#???????????????????????????????? | | ?????????????????????????????????????????????????? | | ?????????????????????#???????????????????????????? | | ####??????????????????????##?????????????????????? | | #?????????????????????? ?????????????????????? | | #???????#?##########??? #??????#??????????????? | | #?????????# ####;#?#???????????????????? | | #????#????# "" """# #?????????????????????? | | #?????????#""" """# ##?#??????? ??????????? | | #??#??????#"F """#R< ######### #?????????? | | #?????????#""" /cu* ^ ????????? | | #?????????# "" """#h= ^ ????????? | | ########### """# @%| ????????? | | # # ["""# *!== ????????? | | ########### ]==%=#!!*%###########???????????? | | ???####################%%hs#?????????????????????? | | ???# ! ## h! #?????????????????????? | | ???+ """ """ ## h +??????? ?????????????? | | ???# """ """ ##! #?????????????????????? | | ???# """ """ "" "" ##%h #?????????#???????????? | | ???# ""T"" ##== #?????????????????????? | | ???#! ! """ ## #???"?????????????????? | | ???# ## #??????? ?????????????? | | ####+######+########### #?????????????????????? | | #?????????????????????? | | #?????????????????????? | | #?????????????????????? | | ##????????????????????? | | ######### ######/########?#???#???????????????? | | ????????# #??? ?? ???????????????????????????? | | ????????# #???????? ?????????????????????????? | | ????????+ #?????????"?????????????????????????? | | ????????# #???????????????????????????????????? | | ????????# #????????"??????????????????????????? | | ???#??#?# +???????????????????????????????????? | | ??########+#########?????????????????????????????? | | ??# #?????????????????????????????? | +----------------------------------------------------+ Best States ------------- Heat Dissipation 87 Energy Generation 43 Energy Capacity 390 Matter Stores 300 Matter Capacity 300 Sight Range 18 Robot Scan Range 20 Terrain Scan Range 16 Terrain Scan Density 110 Jamming Range 12 Cloak Strength 3 Armor Coverage 1425 Resistance: KI 25 Resistance: TH 50 Core Shielding 30 Power Shielding 66 Weapon Shielding 66 Weapon Cycling 15 Phase Shifting 10 Evasion (%) 65 Targeting Accuracy 6 Melee Accuracy 20 Recoil Reduction 4 Matter Filtering 30 Kinecelleration 30 Offensive Hacking 20 Defensive Hacking 24 Authchip Count 2 Item Schematics ----------------- Combat Drone Bay | -6/Data Miner | Free Lgt. Regenerative Plating | -6/Data Miner | Free Enh. Armored Leg | -6/Data Miner | Free Prc. Energy Filter | -6/Data Miner | Free Imp. KE Penetrator | -6/Data Miner | Free Centrium Wheel | -6/Data Miner | Free Railgun | -6/Data Miner | Free Adv. Hardlight Generator | -6/Data Miner | Free Particle Reactor | -6/Data Miner | Free Hdn. Centrium Wheel | -4/Factory | Hacked Cld. Linear Gravjet | -2/Testing | Archive Robot Schematics ------------------ R-10 Processor | -6/Data Miner | Free S-27 Virus | -6/Data Miner | Free M-22 Extractor | -6/Data Miner | Free L-61 Swordsman | -6/Data Miner | Free I-47 Archangel | -6/Data Miner | Free Fabricated ------------ Nothing Alien Tech Used ----------------- Sigix Broadsword Subatomic Replicator Phase Armor Achievements -------------- Reappropriation Challenges ------------ None Game ------ Seed HardlightRocketCharge Manual? 0 Play Time 02:33:37 Cumulative 303.1 hours Start 2022.06.07 @ 14:59:34 End 2022.06.09 @ 10:12:55 Sessions 1 Manual Loads 0 Difficulty Rogue Special Mode None Game No. 382 Rogue 381 Adventurer 0 Explorer 1 Win Type - Total 6 Types 5/0/0/1/0/0/0/0/0 Lore% 69 Gallery% 80 Achievement% 59 Wizard Run 0 Options --------- ASCII 0 Keyboard 1 Movement Vi Keybinds 0 Fullscreen 1 Font 18/SmallcapsGlow Map View 76x50 Tactical HUD 1 Map Filters NONE Filters NONE Steam 1 RUN: b6737cd4-2c4f-4e5b-9eaf-92204f714514